 Dungeon Crawl Stone Soup version 0.16.1-4-g8e1b745 (webtiles) character file.

727175 Chiseanne the Archmage (level 27, -9/247 HPs)
             Began as a Demonspawn Wizard on Mar 27, 2015.
             Was the Champion of Vehumet.
             Killed from afar by Cerebov (33 damage)
             ... with a great blast of fire
             ... in Pandemonium.
             The game lasted 09:34:35 (94536 turns).

Chiseanne the Archmage (Demonspawn Wizard)         Turns: 94536, Time: 09:34:35

Health: -9/247     AC: 15    Str: 17    XL:     27
Magic:  0/49       EV: 31    Int: 43    God:    Vehumet [******]
Gold:   3903       SH: 23    Dex: 24    Spells: 17 memorised, 3 levels left

rFire  + + .     SeeInvis +     a - +6 spear "Khyisi" {venom, MR- Int+7 SInv}
rCold  + + +     Clarity  .     z - +4 robe of Night {+Inv MR+ SInv Stlth+}
rNeg   + . .     SustAb   .     C - +0 large shield {rC+ rF+}
rPois  +         Gourm    .     W - +2 helmet {Int+3}
rElec  +         Spirit   +     g - +2 cloak {MR+}
rCorr  .         Warding  +     (gloves unavailable)
rMut   .         Stasis   .     X - +2 pair of boots {run}
MR     +++..                    T - amulet of warding
Stlth  +++++.....               q - ring "Brommae" {EV+4 Str+5 Int+2 Stlth-}
                                G - ring "Mnoclem" {Contam rElec rPois rF+ rC+ Str+4}

@: agile, about to teleport, very slightly contaminated, hasted, deflect
missiles, very quick, extremely resistant to hostile enchantments, quite
stealthy
A: claws 3, thin skeletal structure 3, cold resistance 1, icemail, robust 3,
magic shield, magic regeneration, magic link, freezing cloud immunity
a: Renounce Religion, Evoke Invisibility
}: 4/15 runes: barnacled, slimy, silver, gossamer


You were in Pandemonium.
You worshipped Vehumet.
Vehumet was exalted by your worship.
You were not hungry.

You visited 10 branches of the dungeon, and saw 59 of its levels.
You visited Pandemonium 1 time, and saw 13 of its levels.
You visited 1 bazaar.
You visited 1 ziggurat, and saw 18 of its levels.
You also visited: Sewer, Volcano and Wizlab.

You collected 10990 gold pieces.
You spent 7087 gold pieces at shops.

Inventory:

Hand weapons
 a - the +6 spear "Khyisi" (weapon) {venom, MR- Int+7 SInv}
   (You found it on level 15 of the Dungeon)

   It poisons the flesh of those it strikes.
   It affects your intelligence (+7).
   It affects your resistance to hostile enchantments.
   It enhances your eyesight.
 s - the +7 Spriggan's Knife {MR+ EV+4 Dex+4 Stlth+}
   (You found it on level 16 of a ziggurat)

   It affects your evasion (+4).
   It affects your dexterity (+4).
   It affects your resistance to hostile enchantments.
   It makes you more stealthy.
Armour
 g - a +2 cloak of magic resistance (worn)
 z - the +4 robe of Night (worn) {+Inv MR+ SInv Stlth+}
   (You bought it in a shop on level 4 of the Orcish Mines)

   It affects your resistance to hostile enchantments.
   It enhances your eyesight.
   It lets you turn invisible.
   It makes you more stealthy.
 C - a +0 large shield of resistance (worn)
 W - a +2 helmet of intelligence (worn)
 X - a +2 pair of boots of running (worn)
Jewellery
 q - the ring "Brommae" (right claw) {EV+4 Str+5 Int+2 Stlth-}
   (You bought it in a shop on level 2 of the Vaults)

   [ring of evasion]

   It affects your evasion (+4).
   It affects your strength (+5).
   It affects your intelligence (+2).
   It makes you less stealthy.
 G - the ring "Mnoclem" (left claw) {Contam rElec rPois rF+ rC+ Str+4}
   (You found it on level 13 of a ziggurat)

   [ring of protection from fire]

   It affects your strength (+4).
   It protects you from fire.
   It protects you from cold.
   It insulates you from electricity.
   It protects you from poison.
   It causes magical contamination when unequipped.
 T - an amulet of warding (around neck)
Magical devices
 d - a wand of teleportation (0)
 e - a wand of digging (9)
 k - a wand of teleportation (3)
 l - a wand of invisibility (2)
 r - a wand of heal wounds (0)
 E - a wand of teleportation (4)
 K - a wand of hasting (3)
 O - a wand of teleportation (8)
 Z - a wand of teleportation (2)
Scrolls
 c - 3 scrolls of immolation
 o - 2 scrolls of enchant armour
 p - 13 scrolls of identify
 y - 14 scrolls of remove curse
 F - 17 scrolls of fog
 P - 10 scrolls of recharging
 Q - 8 scrolls of magic mapping
 U - 3 scrolls of fear
Potions
 h - 16 potions of curing
 j - 3 potions of cancellation
 v - 12 potions of ambrosia
 A - 4 potions of agility
 B - 5 potions of restore abilities
 D - 4 potions of cure mutation
 H - a potion of invisibility
 I - 4 potions of brilliance
 R - 5 potions of haste
 S - 4 potions of lignification
Comestibles
 x - 26 meat rations
 Y - 14 bread rations


   Skills:
 - Level 10.0 Fighting
 - Level 10.0 Dodging
 - Level 1.7 Stealth
 * Level 20.8 Shields
 O Level 27 Spellcasting
 - Level 13.5 Conjurations
 - Level 4.5 Charms
   Level 1.0 Summonings
 - Level 4.7 Translocations
 - Level 4.5 Transmutations
 - Level 11.1 Fire Magic
 * Level 14.5 Ice Magic
 - Level 21.0 Air Magic


You had 3 spell levels left.
You knew the following spells:

 Your Spells              Type           Power        Failure   Level  Hunger
a - Iskenderun's Mystic   Conj           ########     0%          4    None
b - Dazzling Spray        Conj/Hex       #######.     1%          3    None
c - Bolt of Fire          Conj/Fire      ########..   1%          6    None
d - Fireball              Conj/Fire      ########..   1%          5    None
e - Freezing Cloud        Conj/Ice/Air   ########..   1%          6    None
f - Orb of Destruction    Conj           ########..   1%          7    None
g - Blink                 Tloc           N/A          1%          2    None
h - Shroud of Golubria    Chrm/Tloc      #######...   1%          2    None
i - Apportation           Tloc           #######...   1%          1    None
j - Regeneration          Chrm/Necr      ######....   1%          3    None
k - Stoneskin             Trmt/Erth      ######..     1%          2    None
l - Flight                Chrm/Air       ########..   0%          3    None
m - Deflect Missiles      Chrm/Air       ########..   1%          6    None
n - Tornado               Air            ########..   2%          9    None
o - Glaciate              Conj/Ice       ########..   45%         9    None
p - Ozocubu's Armour      Chrm/Ice       #######.     1%          3    None
q - Statue Form           Trmt/Erth      ######...    24%         6    None


Dungeon Overview and Level Annotations

Branches:
Dungeon (15/15)            Temple (0/1) D:5            Lair (8/8) D:11
 Shoals (5/5) Lair:6       Spider (5/5) Lair:4        Slime (6/6) Lair:8
    Orc (4/4) D:9             Elf (3/3) Orc:4        Vaults (5/5) D:13
  Crypt (3/3) Vaults:3       Tomb (0/3) Crypt:3      Depths (5/5) D:15
    Zot (0/5) Depths:5

Altars:
Cheibriados
Elyvilon
Gozag
Kikubaaqudgha
Makhleb
Okawaru
Qazlal
Ru
Sif Muna
Vehumet
Yredelemnul
The Shining One
Beogh
Jiyva

Shops:
D:14 *   Orc:4 :*[(   Elf:2 ::}   Vaults:2 *}(=   Vaults:4 !   Depths:4 *

Portals:
Hell: Depths:1 Depths:2 Depths:3 Depths:4 Depths:5
Abyss: Depths:1 Depths:2 Depths:4 Depths:5
Pandemonium: Depths:1 Depths:2 Depths:3 Depths:5

Annotations:
Spider:3 exclusion: downstairs
Elf:2 3 runed doors
Pan Cerebov


Innate Abilities, Weirdness & Mutations

You have claws for hands.
You have an unnaturally thin skeletal structure (Dex +6, Stealth++).
Your flesh is cold resistant.
A meltable icy envelope protects you from harm and freezing vapours (AC +0).
You are extremely robust (+30% HP).
When hurt, damage is shared between your health and your magic reserves.
You regenerate magic rapidly.
When low on magic, you restore magic in place of health.
You are immune to freezing clouds.


Message History

You don't have any such object.
Drink which item? (? for menu, Esc to quit)
Okay, then.
Read which item? (? for menu, Esc to quit)
Okay, then.
Evoke which item? (* to show all) (? for menu, Esc to quit)
Zapping:
d - a wand of teleportation {zapped: 4} (will waste charges)
Press: ? - help, Shift-Dir - straight line, f - you You feel strangely unstable.
Evoking this partially-identified wand wasted a few charges.
You are engulfed in roaring flames.
You resist.
You flicker back into view.
Evoke which item? (* to show all) (? for menu, Esc to quit)
Zapping:
r - a wand of heal wounds {zapped: 5} (will waste charges)
Press: ? - help, Shift-Dir - straight line, f - you Nothing appears to happen.
Cerebov gestures at you.
A raging storm of fire appears!
The great blast of fire engulfs you! You partially resist.
You die...

.. #..§..###........... ..
#.#§#.# #........... .
#.§R§.# #.##..##..#
###§########### ##
###§###.. #.#.....#.#
#####'###.###§#####
#.......#§#§§§...v#
#.#.#.#.§§§@#.#.#§#
#.......§vv§§§§.4.#
#.#..§.v.v§§v2&.#.# #
#...)§....§§§21...#.#
####.#..§§....v....#.#.####
#.2'....§§§..........'.....
#§.#.#..§§.§.......#.######
#.§#.....§§.§........#
#..#.#....§§......(#.#


You could see Cerebov, an Ice Fiend, a lorocyproca (invisible), a reaper, a red
devil and 7 fire vortices.

Vanquished Creatures
  the royal jelly (Slime:6)
  Khufu (Crypt:3)
  2 ancient liches (Vaults:5)
  3 pandemonium lords
  2 greater mummies (Zig:15)
  The ghost of Chiseanne the Wrestler, a legendary VSMo of Gozag (Zig:13)
  Margery (Depths:4)
  Norris (Shoals:5)
  Saint Roka (Orc:4)
  4 caustic shrikes
  2 Killer Klowns
  A profane servitor (Crypt:3)
  2 bone dragons
  the Enchantress (Depths:3)
  3 hellephants (Zig:16)
  5 Brimstone Fiends (Pan)
  4 liches
  3 tentacled monstrosities
  2 deep elf blademasters (Elf:3)
  7 titans
  4 quicksilver dragons
  2 deep elf master archers (Elf:3)
  5 sphinxes
  6 Executioners (Pan)
  34 acid blobs
  4 octopode crushers
  A tentacled starspawn (Zig:10)
  5 shadow dragons
  2 ancient champions (Crypt:3)
  Rupert (Lair:4)
  Agnes (Crypt:3)
  22 azure jellies
  A thorn hunter (Zig:9)
  3 tengu reavers
  6 storm dragons
  Frances (Elf:1)
  7 draconian monks
  5 revenants
  14 fire giants
  2 greater nagas (Zig:14)
  Donald (Orc:3)
  13 vault wardens
  2 iron dragons
  Maud (Lair:6)
  23 balrugs (Pan)
  The ghost of TZer0 the Fighter, a mighty VSBe of Trog (Vaults:1)
  7 frost giants
  An orc warlord (Orc:4)
  Louise (D:14)
  9 deep elf sorcerers
  5 draconian knights
  3 draconian scorchers (Zig:17)
  A ghost moth (shapeshifter) (Elf:1)
  10 emperor scorpions
  7 ghost moths
  2 cacodemons (Pan)
  3 draconian zealots (Zig:17)
  A caustic shrike zombie (Depths:4)
  12 ironheart preservers
  7 ghouls
  5 spriggan defenders
  5 reapers
  2 war gargoyles (Vaults:5)
  24 stone giants
  4 draconian annihilators
  2 warmongers (Pan)
  3 draconian shifters
  3 draconian callers
  A blood saint (Pan)
  4 grey draconians
  2 green draconians
  A vampire knight (Depths:5)
  13 very ugly things
  7 deep elf demonologists
  2 corrupters (Pan)
  3 black draconians
  12 deep elf annihilators
  2 white draconians
  3 pale draconians
  3 mottled draconians
  The ghost of CcS the Blocker, a powerful DDFi of Makhleb (Lair:2)
  A lorocyproca (Pan)
  7 dire elephants
  8 green deaths
  2 chaos champions (Pan)
  5 yellow draconians
  4 purple draconians
  4 black suns (Pan)
  A crystal guardian (Vaults:3)
  2 unborn (Crypt:3)
  9 death oozes
  5 eidola
  14 merfolk javelineers
  8 mummy priests
  12 deep elf death magi
  5 merfolk impalers
  A minotaur (Depths:2)
  3 blizzard demons
  20 jiangshi
  15 fire dragons
  Josephine (D:11)
  11 ettins
  8 deep elf high priests
  34 vault guards
  Fannar (D:10)
  17 great orbs of eyes
  19 yaktaur captains
  3 death cobs (Crypt:3)
  A naga warrior (Zig:14)
  Harold (D:11)
  7 rakshasas
  6 statues (WizLab)
  16 ogre magi
  11 spriggan air magi
  Nessos (Shoals:1)
  7 ice dragons
  8 monstrous demonspawn
  16 hydras
  7 death knights
  3 deep troll earth magi
  The ghost of Mandevil the Grappler, an experienced TrEn of Cheibriados (D:9)
  6 merfolk aquamancers (Shoals:5)
  15 dancing weapons
  4 merfolk avatars (Shoals:5)
  A spectral fire giant (Zig:15)
  2 alligators (Zig:9)
  3 vampire magi
  9 centaur warriors
  An alligator (shapeshifter) (Elf:3)
  A satyr (Shoals:5)
  2 thrashing horrors
  3 deep troll shamans (Depths:5)
  16 death yaks
  A tengu warrior (D:12)
  3 hell beasts (Pan)
  3 catoblepae
  2 hell hogs (Pan)
  A shock serpent (shapeshifter) (Zig:5)
  5 orc high priests
  6 soul eaters
  11 shadow wraiths
  Nergalle (D:10)
  An iron troll (Depths:5)
  12 spriggan berserkers
  15 hell knights
  A salamander mystic (Depths:2)
  A wretched star (Zig:12)
  27 sun demons
  A titan skeleton (Depths:4)
  12 deep elf knights
  39 skeletal warriors
  65 slime creatures
  4 unseen horrors
  A death scarab (Zig:15)
  4 sea snakes
  2 infernal demonspawn (Pan)
  4 fire crabs
  An unseen horror (shapeshifter) (Vaults:4)
  22 deep trolls
  2 spatial maelstroms (Zig:10)
  A spriggan druid (Zig:7)
  7 deep elf summoners
  3 ice devils
  5 putrid demonspawn (Pan)
  7 flayed ghosts
  20 wizards (Depths:1)
  2 giant orange brains (shapeshifter)
  5 giant orange brains
  A shadow demon (Pan)
  6 gelid demonspawn
  2 swamp dragons (Zig:9)
  17 ironbrand convokers
  7 hill giants
  21 deep elf conjurers
  Pikel (D:7)
  A lindwurm (shapeshifter) (Zig:8)
  A shadow dragon zombie (Crypt:2)
  3 lindwurms
  2 golden dragon skeletons
  7 torturous demonspawn (Pan)
  11 necromancers
  17 harpies
  An orb spider (shapeshifter) (Depths:1)
  19 large abominations
  A fire giant zombie (Zig:15)
  34 wolf spiders
  A shadow dragon skeleton (Zig:15)
  5 shining eyes
  43 ugly things
  A wolf spider (shapeshifter) (Vaults:5)
  13 orc knights
  A wolf spider zombie (Crypt:3)
  8 phantasmal warriors
  2 anubis guards
  11 oklob plants
  11 manticores
  9 cyclopes
  4 draconian zombies (Zig:17)
  A worldbinder (Zig:12)
  21 orb spiders
  3 salamanders (Depths:2)
  A water nymph (Shoals:5)
  19 smoke demons
  7 hornets
  8 orc sorcerers
  4 moths of wrath
  10 griffons
  A draconian (shapeshifter) (Depths:4)
  13 elephants
  A siren (Shoals:5)
  4 sixfirhies
  A cyclops (shapeshifter) (Vaults:5)
  3 toenail golems
  3 guardian serpents (Zig:14)
  Maurice (D:8)
  5 apocalypse crabs
  3 centaur zombies
  2 draconian skeletons (Zig:17)
  2 black mambas (shapeshifter)
  A dire elephant zombie (Crypt:3)
  An iron dragon skeleton (Zig:15)
  A titan simulacrum (Crypt:3)
  9 black mambas
  25 orange demons
  A rust devil (Depths:5)
  A spectral elf (Zig:15)
  7 eyes of devastation
  4 gargoyles
  A guardian serpent (shapeshifter) (Vaults:4)
  2 orange crystal statues
  21 vault sentinels
  Psyche (Orc:4)
  A spiny frog (shapeshifter) (Elf:1)
  9 torpor snails
  A torpor snail (shapeshifter) (Vaults:5)
  3 hellions (Pan)
  A yellow draconian zombie (Zig:17)
  A purple draconian zombie (Zig:17)
  14 spiny frogs
  6 tormentors
  A pale draconian zombie (Zig:17)
  An eye of devastation (shapeshifter) (D:13)
  An elf zombie (Depths:4)
  A yaktaur zombie (Depths:1)
  3 blue devils (Pan)
  An elf (shapeshifter) (D:13)
  A tengu conjurer (Depths:2)
  7 efreet
  21 red devils
  19 guardian mummies
  10 hellwings (Pan)
  2 ancient zymes (Zig:12)
  20 demonic crawlers
  2 wandering mushrooms (D:9)
  3 fire drakes
  44 yaktaurs
  9 polar bears
  14 deep elf priests
  10 trolls
  12 freezing wraiths
  34 jumping spiders
  3 giant leeches
  9 komodo dragons
  Sonja (D:14)
  7 fire vortices (Pan)
  14 merfolk
  2 wind drakes (Shoals:5)
  A polar bear (shapeshifter) (Vaults:3)
  27 blink frogs
  4 ravens
  A raven (shapeshifter) (Vaults:2)
  3 ushabtiu
  A snapping turtle (shapeshifter) (Depths:4)
  2 tengu simulacra (Zig:15)
  8 boulder beetles
  4 raiju
  27 two-headed ogres
  2 vampires
  3 bog bodies
  2 snapping turtles (Shoals:5)
  3 spectral orcs (D:10)
  16 wraiths
  5 basilisks
  2 frost giant simulacra
  A wyvern (Lair:8)
  13 trapdoor spiders
  61 flying skulls
  12 shadows
  2 tarantellas (shapeshifter)
  A wyvern (shapeshifter) (Vaults:5)
  46 redbacks
  11 small abominations
  12 spriggans
  An elf skeleton (Zig:15)
  29 deep elf magi
  5 air elementals
  A redback (shapeshifter) (Vaults:5)
  15 tarantellas
  23 water elementals
  A golden eye (shapeshifter) (Zig:12)
  An ice dragon skeleton (Crypt:3)
  Eustachio (D:8)
  4 hungry ghosts
  2 chaos spawn
  63 yaks
  9 golden eyes
  A warg (shapeshifter) (Vaults:5)
  16 hippogriffs
  9 ynoxinuls
  18 wargs
  20 deep elf fighters
  12 vampire mosquitoes
  A harpy simulacrum (Crypt:2)
  9 neqoxecs
  25 water moccasins
  23 wolves
  2 insubstantial wisps (Zig:9)
  4 mottled dragons
  2 nagas (Zig:12)
  A soldier ant (shapeshifter) (Vaults:4)
  8 porcupines
  2 spatial vortices (Zig:10)
  A putrid demonspawn skeleton (Crypt:2)
  2 yaktaur simulacra
  A spectral troll (Crypt:3)
  A sky beast (shapeshifter) (Vaults:2)
  An ogre (shapeshifter) (Vaults:2)
  51 orc warriors
  10 eyes of draining
  12 black bears (Lair:8)
  7 necrophages
  2 swamp drakes
  7 ice beasts
  23 spiders
  9 sky beasts
  15 wasps
  An anubis guard zombie (Crypt:2)
  4 hell hounds
  64 ogres
  5 boring beetles
  3 slaves (D:7)
  2 phantoms
  12 boggarts
  A swamp dragon skeleton (Crypt:2)
  14 centaurs
  23 crocodiles
  A crocodile (shapeshifter) (Vaults:4)
  Sigmund (D:6)
  5 brain worms
  8 big kobolds
  4 lost souls
  A wyvern zombie (D:10)
  24 giant frogs
  An earth elemental (Zig:12)
  11 scorpions
  A water moccasin zombie (Crypt:2)
  2 water moccasin skeletons (D:8)
  6 killer bees (D:7)
  13 wights
  A goliath beetle (D:8)
  16 crimson imps
  2 giant frog zombies
  2 quasits
  8 starcursed masses
  41 hounds
  4 centaur skeletons
  3 giant frog skeletons
  A human simulacrum (Vaults:2)
  36 jellies
  41 orc priests
  12 worker ants
  16 iguanas
  45 orc wizards
  2 hell rats
  A lightning spire (Zig:17)
  43 sheep
  Ijyb (D:2)
  2 tengu zombies
  A hound zombie (Crypt:1)
  An ogre zombie (D:7)
  A dwarf skeleton (Crypt:2)
  22 mummies
  36 adders
  2 gnolls
  80 river rats
  3 shadow imps
  A steam dragon skeleton (Crypt:2)
  A giant mite (D:3)
  19 worms
  A white imp (D:8)
  A worm (shapeshifter) (Depths:5)
  7 ufetubi (Pan)
  8 orc zombies
  An adder skeleton (D:4)
  7 oozes
  247 orcs
  16 bats
  2 bat skeletons
  6 giant cockroaches
  A giant mite zombie (Crypt:1)
  26 goblins
  21 hobgoblins
  9 jackals
  60 kobolds
  13 quokkas
  5 ball pythons
  6 giant geckos
  3 giant newts
  3 giant spores
  2 lurking horrors
  An orc skeleton (Crypt:3)
  3 quokka zombies
  26 rats
  13 ballistomycetes
  A crawling corpse (Elf:1)
  20 fungi
  2 grand avatars (Pan)
  27 plants
  2 starspawn tentacles (Zig:10)
3698 creatures vanquished.

Vanquished Creatures (collateral kills)
  A green death (Pan)
  A hellion (Pan)
  A sky beast (D:5)
  2 big kobolds (D:5)
  A worker ant (D:5)
  An adder (D:3)
  A gnoll (D:5)
  A shadow imp (D:7)
  3 worms
  An orc (D:3)
  9 kobolds
  A goblin (D:2)
  A rat (D:3)
24 creatures vanquished.

Vanquished Creatures (others)
  An Executioner (Pan)
  3 octopode crushers (Zig:14)
  A ghost moth (Zig:14)
  2 emperor scorpions (Zig:14)
  A draconian annihilator (Zig:13)
  A blizzard demon (Pan)
  A dancing weapon (Pan)
  A sun demon (Pan)
  2 orange demons (Pan)
  A slime creature (Zig:18)
  A water moccasin (Lair:2)
  A sky beast (shapeshifter) (Depths:3)
  2 centaurs (Depths:3)
  5 lost souls
  4 crimson imps
  2 orc wizards
  3 shadow imps
  2 white imps (D:5)
  A giant spore (D:11)
  2 blocks of ice (Pan)
  51 fungi
  15 plants
  A singularity (Pan)
  2 starspawn tentacles (Zig:10)
  2 starspawn tentacle segments (Zig:10)
108 creatures vanquished.

Grand Total: 3830 creatures vanquished

Notes
Turn   | Place    | Note
--------------------------------------------------------------
     0 | D:1      | Chiseanne, the Demonspawn Wizard, began the quest for the Orb.
     0 | D:1      | Reached XP level 1. HP: 13/13 MP: 4/4
   373 | D:1      | Gained mutation: You have a somewhat thin skeletal structure (Dex +2, Stealth). [demonic ancestry]
   373 | D:1      | Reached XP level 2. HP: 19/19 MP: 1/6
   466 | D:1      | Learned a level 2 spell: Blink
   469 | D:1      | Learned a level 2 spell: Call Imp
   472 | D:1      | Learned a level 2 spell: Repel Missiles
  1134 | D:1      | Gained mutation: When hurt, damage is shared between your health and your magic reserves. [demonic ancestry]
  1134 | D:1      | Reached XP level 3. HP: 24/24 MP: 8/8
  1569 | D:2      | Noticed Ijyb
  1639 | D:2      | Killed Ijyb
  1639 | D:2      | Reached skill level 4 in Spellcasting
  1969 | D:2      | Gained mutation: You have sharp fingernails. [demonic ancestry]
  1969 | D:2      | Reached XP level 4. HP: 30/30 MP: 11/11
  2362 | D:3      | Learned a level 3 spell: Conjure Flame
  2590 | D:3      | Found a white marble altar of Elyvilon.
  2810 | D:3      | Found a glowing drain.
  2829 | Sewer    | Entered a sewer
  2904 | Sewer    | Noticed a big kobold
  2923 | Sewer    | Killed a big kobold
  2923 | Sewer    | Reached XP level 5. HP: 35/35 MP: 14/14
  2967 | Sewer    | Noticed a big kobold
  2977 | Sewer    | Killed a big kobold
  2977 | Sewer    | Reached skill level 5 in Spellcasting
  3067 | Sewer    | Noticed a big kobold
  3077 | Sewer    | Killed a big kobold
  3077 | Sewer    | Gained mutation: You have a moderately thin skeletal structure (Dex +4, Stealth+). [demonic ancestry]
  3077 | Sewer    | Reached XP level 6. HP: 41/41 MP: 18/18
  3511 | Sewer    | Learned a level 3 spell: Mephitic Cloud
  4195 | D:4      | Reached skill level 6 in Spellcasting
  4255 | D:4      | Gained mutation: You regenerate magic rapidly. [demonic ancestry]
  4255 | D:4      | Reached XP level 7. HP: 46/46 MP: 20/20
  5113 | D:4      | Reached skill level 5 in Conjurations
  5429 | D:4      | Reached skill level 7 in Spellcasting
  5692 | D:5      | Entered Level 5 of the Dungeon
  5769 | D:5      | Found an ancient bone altar of Kikubaaqudgha.
  6014 | D:5      | Gained mutation: When low on magic, you restore magic in place of health. [demonic ancestry]
  6014 | D:5      | Reached XP level 8. HP: 52/52 MP: 23/23
  6061 | D:5      | Found a radiant altar of Vehumet.
  6076 | D:5      | Became a worshipper of Vehumet
  6374 | D:5      | Found a staircase to the Ecumenical Temple.
  6389 | D:5      | Reached skill level 8 in Spellcasting
  6623 | D:5      | Acquired Vehumet's first power
  6623 | D:5      | Offered knowledge of Sting by Vehumet.
  6891 | D:5      | Learned a level 1 spell: Sting
  7209 | D:6      | Offered knowledge of Sandblast by Vehumet.
  7249 | D:6      | Noticed Sigmund
  7259 | D:6      | Killed Sigmund
  7259 | D:6      | Reached skill level 9 in Spellcasting
  7291 | D:6      | Reached XP level 9. HP: 57/57 MP: 26/26
  7850 | D:7      | Found a glowing golden altar of the Shining One.
  7904 | D:7      | Identified the Guide on Augmentations
  7926 | D:7      | Offered knowledge of Inner Flame by Vehumet.
  7931 | D:7      | Learned a level 3 spell: Inner Flame
  8079 | D:7      | Acquired Vehumet's second power
  8079 | D:7      | Reached skill level 10 in Spellcasting
  8194 | D:7      | Noticed Pikel
  8309 | D:7      | Killed Pikel
  8763 | D:7      | Found a deep blue altar of Sif Muna.
  8840 | D:8      | Noticed Maurice
  8849 | D:8      | Killed Maurice
  8858 | D:8      | Reached XP level 10. HP: 63/63 MP: 29/29
  8914 | D:8      | Learned a level 3 spell: Dazzling Spray
  8916 | D:8      | Found a snail-covered altar of Cheibriados.
  9224 | D:8      | Reached skill level 11 in Spellcasting
  9372 | D:8      | Offered knowledge of Olgreb's Toxic Radiance by Vehumet.
 10103 | D:8      | Noticed Eustachio
 10125 | D:8      | Killed Eustachio
 10365 | D:8      | Found an opulent altar of Gozag.
 10796 | D:9      | Found a staircase to the Orcish Mines.
 10869 | D:9      | Noticed a hill giant
 10888 | D:9      | Killed a hill giant
 10888 | D:9      | Reached skill level 10 in Conjurations
 11166 | D:9      | Acquired Vehumet's third power
 11254 | D:9      | Found a large runed door.
 11258 | D:9      | Found a large runed door.
 11314 | D:9      | Reached skill level 12 in Spellcasting
 11739 | D:9      | Noticed Mandevil's ghost (experienced TrEn)
 12020 | D:9      | Offered knowledge of Venom Bolt by Vehumet.
 12027 | D:9      | Learned a level 5 spell: Venom Bolt
 12251 | D:9      | Noticed a cyclops
 12251 | D:9      | Noticed a cyclops
 12273 | D:10     | Entered Level 10 of the Dungeon
 12280 | D:10     | Gained mutation: You have an unnaturally thin skeletal structure (Dex +6, Stealth++). [demonic ancestry]
 12280 | D:10     | Reached XP level 11. HP: 68/68 MP: 31/31
 12827 | D:11     | Noticed Fannar
 12999 | D:10     | Killed Fannar
 13276 | D:11     | Found a staircase to the Lair.
 13282 | D:11     | Reached skill level 13 in Spellcasting
 13283 | D:11     | Noticed a hill giant
 13349 | D:11     | Noticed Harold
 13358 | D:11     | Noticed Josephine
 13397 | D:11     | Noticed Nergalle
 13401 | D:11     | Noticed a spectral orc warlord
 13426 | D:10     | Noticed a spectral orc warlord
 13908 | D:11     | Offered knowledge of Delayed Fireball by Vehumet.
 13917 | D:11     | Learned a level 7 spell: Delayed Fireball
 13948 | D:11     | Reached skill level 1 in Fire Magic
 14230 | D:11     | Killed Harold
 14492 | D:11     | Killed a hill giant
 14594 | D:11     | Killed Josephine
 14594 | D:11     | Reached skill level 5 in Fire Magic
 14794 | Lair:1   | Entered Level 1 of the Lair of Beasts
 14879 | Lair:1   | Gained mutation: Your flesh is cold resistant. [demonic ancestry]
 14879 | Lair:1   | Reached XP level 12. HP: 74/74 MP: 33/33
 15081 | Lair:1   | Noticed a six-headed hydra
 15092 | Lair:1   | Killed a six-headed hydra
 16267 | Lair:2   | Noticed CcS's ghost (powerful DDFi)
 16520 | Lair:1   | Upgraded the game from 0.16.1-2-g95b8d4c to 0.16.1-4-g8e1b745
 16634 | Orc:1    | Entered Level 1 of the Orcish Mines
 16635 | Orc:1    | Offered knowledge of Bolt of Magma by Vehumet.
 16659 | Orc:1    | Learned a level 5 spell: Bolt of Magma
 16772 | Orc:1    | Found a dark tunnel.
 16832 | Volcano  | Entered a volcano
 17727 | Orc:1    | Reached skill level 10 in Fire Magic
 18043 | Orc:1    | Found an iron altar of Okawaru.
 18253 | Orc:2    | Found a roughly hewn altar of Beogh.
 18961 | Orc:3    | Noticed Donald
 18967 | Orc:3    | Killed Donald
 19155 | Orc:4    | Entered Level 4 of the Orcish Mines
 19346 | Orc:4    | Offered knowledge of Fireball by Vehumet.
 19416 | Orc:4    | Learned a level 5 spell: Fireball
 19449 | Orc:4    | Reached XP level 13. HP: 70/79 MP: 8/34
 19591 | Orc:4    | Noticed Saint Roka
 19712 | Orc:4    | Found a staircase to the Elven Halls.
 20825 | Orc:4    | Offered knowledge of Lee's Rapid Deconstruction by Vehumet.
 21563 | Lair:2   | Killed CcS's ghost
 22173 | Lair:3   | Reached skill level 14 in Spellcasting
 22748 | Lair:3   | Offered knowledge of Bolt of Cold by Vehumet.
 22925 | Lair:3   | Learned a level 4 spell: Iskenderun's Mystic Blast
 23273 | Lair:3   | Reached skill level 1 in Shields
 23879 | Lair:4   | Noticed Rupert
 23882 | Lair:4   | Paralysed by Rupert for 2 turns
 23892 | Lair:4   | Killed Rupert
 24290 | Lair:4   | Reached skill level 5 in Shields
 24334 | Lair:4   | Gained mutation: You have very sharp fingernails. [demonic ancestry]
 24334 | Lair:4   | Reached XP level 14. HP: 75/85 MP: 11/35
 24645 | Lair:4   | Found a hole to the Spider Nest.
 25186 | Lair:5   | Found a hole to the Spider Nest.
 25386 | Lair:5   | Offered knowledge of Freezing Cloud by Vehumet.
 25394 | Lair:5   | Learned a level 6 spell: Freezing Cloud
 26508 | Lair:6   | Noticed Maud
 26518 | Lair:6   | Killed Maud
 27013 | Lair:6   | Found a staircase to the Shoals.
 27053 | Lair:6   | Found a basalt altar of Yredelemnul.
 27549 | Lair:7   | Offered knowledge of Bolt of Fire by Vehumet.
 27559 | Lair:7   | Learned a level 6 spell: Bolt of Fire
 28450 | Lair:8   | Entered Level 8 of the Lair of Beasts
 28582 | Lair:8   | Reached skill level 10 in Shields
 29091 | Lair:8   | Found a runed door.
 29738 | Lair:8   | Found a staircase to the Slime Pits.
 30647 | Lair:8   | Offered knowledge of Lehudib's Crystal Spear by Vehumet.
 30647 | Lair:8   | Offered knowledge of Chain Lightning by Vehumet.
 30647 | Lair:8   | Offered knowledge of Tornado by Vehumet.
 30656 | Lair:8   | Reached XP level 15. HP: 86/90 MP: 4/36
 31957 | Lair:1   | Learned a level 1 spell: Apportation
 33308 | D:13     | Found a gate to the Vaults.
 34386 | D:14     | Noticed Sonja
 34388 | D:14     | Killed Sonja
 34390 | D:14     | Found a sacrificial altar of Ru.
 34541 | D:14     | Noticed Louise
 34547 | D:14     | Killed Louise
 35002 | D:14     | Found Xin Upyl's Assorted Antiques.
 35010 | D:14     | Bought a shimmering platinum ring for 180 gold pieces
 35010 | D:14     | Bought a lumpy silvery potion for 32 gold pieces
 35010 | D:14     | Bought a shiny opal ring for 180 gold pieces
 35010 | D:14     | Bought a scroll of remove curse for 108 gold pieces
 35010 | D:14     | Bought a scroll of blinking for 270 gold pieces
 35014 | D:14     | Identified the cursed ring "Kinij" {rPois rN+ MP+9 Int-2 Dex+4 Slay-4} (You bought it in a shop on level 14 of the Dungeon)
 35093 | D:15     | Entered Level 15 of the Dungeon
 35579 | D:15     | Reached skill level 15 in Shields
 35768 | D:15     | Got a polished spear
 35769 | D:15     | Identified the +6 spear "Khyisi" {venom, MR- Int+7 SInv} (You found it on level 15 of the Dungeon)
 36096 | D:15     | Found a staircase to the Depths.
 36166 | D:15     | Gained mutation: You are robust (+10% HP). [demonic ancestry]
 36166 | D:15     | Reached XP level 16. HP: 90/105 MP: 37/37
 36492 | Spider:1 | Entered Level 1 of the Spider Nest
 38287 | Spider:2 | Reached skill level 15 in Spellcasting
 38387 | Spider:2 | Reached skill level 1 in Ice Magic
 40741 | D:10     | Killed Nergalle
 40939 | Orc:4    | Killed Saint Roka
 40939 | Orc:4    | Reached skill level 5 in Ice Magic
 41010 | Orc:4    | Noticed Psyche
 41012 | Orc:4    | Killed Psyche
 41377 | Orc:4    | Noticed an orc warlord
 41392 | Orc:4    | Killed an orc warlord
 41676 | Orc:4    | Found Umerayre's Antique Armour Emporium.
 41677 | Orc:4    | Found Leorav's Antique Weapon Shoppe.
 41678 | Orc:4    | Found Struadiu's General Store.
 41678 | Orc:4    | Found Shraple's Book Emporium.
 41696 | Orc:4    | Bought the +4 robe of Night {+Inv MR+ SInv Stlth+} for 473 gold pieces
 41696 | Orc:4    | Bought a potion of heal wounds for 50 gold pieces
 41696 | Orc:4    | Bought a scroll of fog for 20 gold pieces
 41696 | Orc:4    | Bought a potion of invisibility for 80 gold pieces
 41696 | Orc:4    | Bought a scroll of identify for 20 gold pieces
 41720 | Orc:4    | Bought a brightly glowing ice dragon armour for 1690 gold pieces
 41720 | Orc:4    | Bought a pair of embroidered gloves for 117 gold pieces
 41743 | Orc:4    | Identified the +0 ice dragon armour "Detoqy" {rF- rC++ MR+} (You bought it in a shop on level 4 of the Orcish Mines)
 42291 | Spider:4 | Reached skill level 16 in Spellcasting
 42482 | Spider:4 | Gained mutation: You have claws for hands. [demonic ancestry]
 42482 | Spider:4 | Reached XP level 17. HP: 95/111 MP: 32/39
 42665 | Spider:4 | Gained mutation: You have a pair of small horns on your head. [potion of beneficial mutation]
 42999 | Spider:5 | Entered Level 5 of the Spider Nest
 43968 | Spider:5 | Lost mutation: You have a pair of small horns on your head. [potion of cure mutation]
 44594 | Spider:5 | Got a gossamer rune of Zot
 44829 | Vaults:1 | Entered Level 1 of the Vaults
 45028 | Vaults:1 | Noticed TZer0's ghost (mighty VSBe)
 45042 | Vaults:1 | Killed TZer0's ghost
 45375 | Vaults:1 | Reached skill level 1 in Air Magic
 45804 | Vaults:1 | Reached skill level 17 in Spellcasting
 46591 | Vaults:2 | Found a burning altar of Makhleb.
 46758 | Vaults:2 | Found Shrixair's Jewellery Boutique.
 46760 | Vaults:2 | Reached skill level 5 in Air Magic
 46884 | Vaults:2 | Identified a scroll of acquirement
 46906 | Vaults:2 | Gained mutation: You are very robust (+20% HP). [demonic ancestry]
 46906 | Vaults:2 | Reached XP level 18. HP: 100/128 MP: 40/40
 47843 | Vaults:2 | Bought the ring "Brommae" {EV+4 Str+5 Int+2 Stlth-} for 900 gold pieces
 47962 | Vaults:2 | Found Leupn's Gadget Emporium.
 47974 | Vaults:2 | Found Neloom's Antique Weapon Shop.
 47988 | Vaults:2 | Bought a crude spear for 256 gold pieces
 47990 | Vaults:2 | Identified the cursed +1 spear of Frustration {pierce, Str+3} (You bought it in a shop on level 2 of the Vaults)
 48109 | Vaults:2 | Reached skill level 1 in Fighting
 48442 | Vaults:2 | Found Ymmic's Assorted Antiques.
 49686 | Vaults:3 | Found a staircase to the Crypt.
 49740 | Vaults:3 | Reached skill level 5 in Fighting
 49860 | Vaults:3 | Reached skill level 5 in Dodging
 51018 | Vaults:4 | Reached XP level 19. HP: 149/159 MP: 19/41
 52485 | Vaults:4 | Reached skill level 10 in Dodging
 52532 | Vaults:4 | Found Qiqahydexe's Distillery.
 52539 | Vaults:4 | Bought a potion of agility for 72 gold pieces
 52539 | Vaults:4 | Bought a potion of curing for 54 gold pieces
 52539 | Vaults:4 | Bought a potion of agility for 72 gold pieces
 52539 | Vaults:4 | Bought a potion of haste for 180 gold pieces
 52963 | Crypt:1  | Entered Level 1 of the Crypt
 54408 | Crypt:3  | Entered Level 3 of the Crypt
 54525 | Crypt:2  | Reached skill level 10 in Fighting
 55219 | Crypt:3  | Noticed Agnes
 55232 | Crypt:3  | Killed Agnes
 55340 | Crypt:3  | Found a basalt altar of Yredelemnul.
 55535 | Crypt:3  | Reached skill level 10 in Air Magic
 55665 | Crypt:3  | Gained mutation: You are immune to freezing clouds. [demonic ancestry]
 55665 | Crypt:3  | Reached XP level 20. HP: 169/176 MP: 29/41
 56838 | Crypt:3  | Got a bound golden ring
 57014 | Crypt:3  | Identified the ring of the Ego {rC+ rN+ MP-9 Dex+6 Stlth+} (You took it off a vampire mage on level 3 of the Crypt)
 57513 | Crypt:3  | Got a transparent amber ring
 57880 | Crypt:3  | Got a twitching wooden ring
 57886 | Crypt:3  | Found a staircase to the Tomb.
 57888 | Crypt:3  | Noticed Khufu
 59106 | Crypt:3  | Identified the ring "Wumnulafyi" {rElec rPois rN+ MR+ Int-3 Dex-3} (You took it off a death knight on level 3 of the Crypt)
 59109 | Crypt:3  | Identified the ring "Zeraerer" {-Cast +Inv rF+ rN+ Int-2 SInv} (You took it off a guardian mummy on level 3 of the Crypt)
 59242 | Crypt:3  | Noticed a profane servitor
 59293 | Crypt:3  | Killed a profane servitor
 59979 | Crypt:3  | Noticed a bone dragon
 60052 | Crypt:3  | Killed a bone dragon
 60344 | Crypt:3  | Killed Khufu
 61245 | Shoals:1 | Entered Level 1 of the Shoals
 61245 | Shoals:1 | Noticed Nessos
 61248 | Shoals:1 | Killed Nessos
 61443 | Shoals:5 | Entered Level 5 of the Shoals
 61453 | Shoals:5 | Reached XP level 21. HP: 162/183 MP: 39/42
 61578 | Shoals:5 | Reached skill level 15 in Air Magic
 61785 | Shoals:5 | Noticed Norris
 61804 | Shoals:5 | Killed Norris
 62070 | Shoals:5 | Learned a level 3 spell: Flight
 62433 | Shoals:5 | Got a barnacled rune of Zot
 62765 | Elf:1    | Entered Level 1 of the Elven Halls
 63037 | Elf:1    | Noticed Frances
 63043 | Elf:1    | Killed Frances
 63155 | Elf:1    | Found a deep blue altar of Sif Muna.
 63830 | Elf:2    | Found Stesm's Gadget Shop.
 63977 | Elf:2    | Found Pramm's Book Shoppe.
 63982 | Elf:2    | Bought a book of Annihilations for 1324 gold pieces
 64014 | Elf:2    | Found Ghit's Book Boutique.
 64240 | Elf:2    | Found a runed gate.
 64242 | Elf:2    | Found a runed gate.
 64243 | Elf:2    | Found a runed gate.
 64434 | Elf:3    | Entered Level 3 of the Elven Halls
 65316 | Elf:3    | Reached skill level 18 in Spellcasting
 66058 | Elf:3    | Got a fine flail
 66060 | Elf:3    | Identified the +3 flail of Omotsur {crush, rElec rF+} (You took it off a deep elf knight on level 3 of the Elven Halls)
 66145 | Elf:3    | Got a faintly glowing glass ring
 66197 | Elf:3    | Identified the Catalogue of the Entourage (You found it on level 3 of the Elven Halls)
 66203 | Elf:3    | Identified the ring "Turor" {+Fly Str+4 SInv} (You took it off a deep elf summoner on level 3 of the Elven Halls)
 66213 | Elf:3    | Got a flickering platinum ring
 66243 | Elf:3    | Identified the ring "Stiol" {Str+2 SInv Stlth-} (You found it on level 3 of the Elven Halls)
 66252 | Elf:3    | Got a shimmering trident
 66253 | Elf:3    | Identified the +10 trident of Imbalance {pierce, +Inv rN+ Str-5 SInv} (You found it on level 3 of the Elven Halls)
 66263 | Elf:3    | Got a bloodstained shield
 66275 | Elf:3    | Identified the +0 shield "Guatoj" {rN+ Regen+ Dex+3} (You took it off a deep elf annihilator on level 3 of the Elven Halls)
 66288 | Elf:3    | Got a dull robe
 66300 | Elf:3    | Identified the +2 robe of Fedhas' Reproof {Regen+ Str+4} (You took it off a deep elf annihilator on level 3 of the Elven Halls)
 66336 | Elf:3    | Got an encrusted whip
 66337 | Elf:3    | Identified the +4 whip "Dausugif" {venom, *Rage rC+ MR+ SInv} (You found it on level 3 of the Elven Halls)
 66377 | Elf:3    | Gained mutation: You are extremely robust (+30% HP). [demonic ancestry]
 66377 | Elf:3    | Reached XP level 22. HP: 178/206 MP: 43/43
 66442 | Elf:3    | Identified the Collected Works on Attacks and the Frostbite (You found it on level 3 of the Elven Halls)
 66629 | Elf:2    | Bought a book of Power for 675 gold pieces
 66637 | Elf:2    | Learned a level 7 spell: Orb of Destruction
 67207 | Depths:1 | Entered Level 1 of the Depths
 67565 | Depths:1 | Reached skill level 19 in Spellcasting
 67960 | Depths:1 | Found a gateway to Hell.
 67969 | Depths:1 | Found a one-way gate leading to the halls of Pandemonium.
 67997 | Depths:1 | Found a one-way gate to the infinite horrors of the Abyss.
 69531 | Depths:2 | Identified the Guide on Combat Magic and the Frostbite
 70143 | Depths:2 | Reached skill level 20 in Spellcasting
 70368 | Depths:2 | Noticed a caustic shrike
 70921 | Depths:2 | Killed a caustic shrike
 70965 | Depths:2 | Identified the Incunabulum of the Oath
 71066 | Depths:3 | Found a flickering gateway to a bazaar.
 71074 | Bazaar   | Entered a bazaar
 71076 | Bazaar   | Found Guemm's Distillery.
 71091 | Bazaar   | Found Deapsaeh's Jewellery Boutique.
 71102 | Bazaar   | Found Blov Mae's General Store.
 71111 | Bazaar   | Found Chuonaxu's Antique Weapon Emporium.
 71122 | Bazaar   | Found Secatia's Antique Armour Boutique.
 71181 | Bazaar   | Bought a cursed -4 ring of dexterity for 22 gold pieces
 71197 | Bazaar   | Bought a potion of curing for 36 gold pieces
 71197 | Bazaar   | Bought 2 potions of agility for 96 gold pieces
 71197 | Bazaar   | Bought a potion of heal wounds for 60 gold pieces
 71197 | Bazaar   | Bought a potion of restore abilities for 60 gold pieces
 71197 | Bazaar   | Bought a potion of mutation for 30 gold pieces
 71197 | Bazaar   | Bought a potion of mutation for 30 gold pieces
 71250 | Depths:3 | Found a magical portal.
 71256 | WizLab   | Entered Tukima's Studio
 72041 | Depths:3 | Gained mutation: A meltable icy envelope protects you from harm and freezing vapours (AC +0). [demonic ancestry]
 72041 | Depths:3 | Reached XP level 23. HP: 119/214 MP: 13/45
 72042 | Depths:3 | Noticed the Enchantress
 72061 | Depths:3 | Killed the Enchantress
 72521 | Depths:3 | Got a faerie dragon armour
 72625 | Depths:3 | Got a polished chain mail
 72724 | Depths:3 | Identified the +0 faerie dragon armour {Dex+4} (You took it off the Enchantress on level 3 of the Depths)
 72736 | Depths:3 | Identified the +8 chain mail of the Stars {MP+9} (You found it on level 3 of the Depths)
 73195 | Depths:4 | Reached skill level 21 in Spellcasting
 73257 | Depths:4 | Found Fraollam's Elemental Accessories.
 74561 | Depths:4 | Found a gateway to a ziggurat.
 74834 | Depths:4 | Noticed Margery
 74843 | Depths:4 | Killed Margery
 75192 | Depths:5 | Entered Level 5 of the Depths
 75603 | Lair:1   | Learned a level 6 spell: Deflect Missiles
 75609 | Lair:1   | Learned a level 3 spell: Regeneration
 76042 | Depths:5 | Reached skill level 22 in Spellcasting
 76089 | Depths:5 | Learned a level 9 spell: Tornado
 76707 | Depths:5 | Reached XP level 24. HP: 190/223 MP: 12/46
 76774 | Depths:5 | Found a gate to the Realm of Zot.
 77296 | Depths:5 | Found a stormy altar of Qazlal.
 78161 | D:9      | Killed Mandevil's ghost
 78996 | Vaults:5 | Entered Level 5 of the Vaults
 79001 | Vaults:5 | Reached skill level 23 in Spellcasting
 79692 | Vaults:5 | Got a shimmering ring mail
 79715 | Vaults:5 | Identified the cursed -1 ring mail "Haaw" {rN+} (You found it on level 5 of the Vaults)
 80337 | Vaults:5 | Gained mutation: You evolve. [potion of beneficial mutation]
 80565 | Vaults:5 | Got a warped scimitar
 80567 | Vaults:5 | Got a warped ring mail
 80590 | Vaults:5 | Identified the +3 ring mail "Quluudel" {rF+ MP+9 Int-3 Dex+4} (You found it on level 5 of the Vaults)
 80602 | Vaults:5 | Identified the cursed -1 scimitar "Ecvaz" {speed, Dex+4} (You found it on level 5 of the Vaults)
 80685 | Vaults:5 | Got a twisted chain mail
 80696 | Vaults:5 | Identified the +9 chain mail of the Nexus {rN+ Str+2 Int-3 Dex+3} (You found it on level 5 of the Vaults)
 80824 | Vaults:5 | Noticed an ancient lich
 80833 | Vaults:5 | Killed an ancient lich
 80933 | Vaults:5 | Reached skill level 24 in Spellcasting
 80945 | Vaults:5 | Reached XP level 25. HP: 82/230 MP: 4/47
 81206 | Vaults:5 | Got a silver rune of Zot
 81549 | Vaults:5 | Noticed an ancient lich
 81560 | Vaults:5 | Killed an ancient lich
 81969 | Vaults:5 | Got a warped demon blade
 81970 | Vaults:5 | Identified the +4 demon blade "Vyum Uci" {drain, -Tele rN+ MR+} (You found it on level 5 of the Vaults)
 82068 | Vaults:5 | Identified the Papyrus of Beguiling
 82180 | Vaults:5 | Got a jewelled morningstar
 82181 | Vaults:5 | Identified the +8 morningstar "Evierriq" {crush, rElec} (You found it on level 5 of the Vaults)
 82435 | Vaults:5 | Got a twisted cloak
 82446 | Vaults:5 | Identified the +2 cloak of Impatience {rPois Str-4 Int+3} (You found it on level 5 of the Vaults)
 82503 | Vaults:5 | Got an ebony blowgun
 82504 | Vaults:5 | Identified the +5 blowgun of Gyul Blefudd {evade, Str+2 Int+3 Stlth-} (You found it on level 5 of the Vaults)
 82917 | Lair:1   | Learned a level 9 spell: Glaciate
 82929 | Lair:1   | Learned a level 2 spell: Shroud of Golubria
 82932 | Lair:1   | Learned a level 2 spell: Stoneskin
 83110 | Slime:1  | Entered Level 1 of the Pits of Slime
 83189 | Slime:3  | Gained mutation: You are agile. (Dex +2) [a shining eye]
 83190 | Slime:3  | Gained mutation: Your body is slowly deteriorating. [a shining eye]
 83254 | Slime:2  | Gained mutation: You have large cloven feet. [a shining eye]
 83583 | Slime:6  | Entered Level 6 of the Pits of Slime
 83629 | Slime:6  | Noticed the royal jelly
 84338 | Slime:6  | Found a viscous altar of Jiyva.
 85118 | Slime:6  | Killed the royal jelly
 85118 | Slime:6  | Reached skill level 25 in Spellcasting
 85396 | Slime:6  | Identified Phaca's Tome of Transformation and the Rocks
 85437 | Slime:6  | Got a slimy rune of Zot
 85445 | Slime:6  | Got a bloodstained gold dragon armour
 85467 | Slime:6  | Identified the +8 gold dragon armour "Blefal" {rPois rF+ rC+ Str+4} (You found it on level 6 of the Pits of Slime)
 85499 | Slime:6  | Identified the Collected Works on Conjuration and the Snowflakes
 85509 | Slime:6  | Got a heavily runed ruby amulet
 85511 | Slime:6  | Identified the amulet "Moxyv" {Stasis rN+ MR+ Dex+3 Stlth-} (You found it on level 6 of the Pits of Slime)
 85546 | Slime:6  | Got a translucent short sword
 85821 | Lair:1   | Identified the +10 short sword "Demonspawn's Death" {drain, rPois MR+ Int+2 Stlth+} (You found it on level 6 of the Pits of Slime)
 86193 | Zig:1    | Entered Level 1 of a ziggurat
 86208 | Zig:1    | Got a pitted scimitar
 86209 | Zig:1    | Identified the +4 scimitar of Brokhlom {drain, +Inv rElec Str+4 SInv} (You found it on level 1 of a ziggurat)
 86223 | Zig:2    | Entered Level 2 of a ziggurat
 86299 | Zig:3    | Entered Level 3 of a ziggurat
 86350 | Zig:4    | Entered Level 4 of a ziggurat
 86491 | Zig:4    | Got a jewelled chain mail
 86496 | Zig:4    | Lost mutation: Your body is slowly deteriorating. [potion of cure mutation]
 86496 | Zig:4    | Lost mutation: You are agile. (Dex +2) [potion of cure mutation]
 86496 | Zig:4    | Lost mutation: You have large cloven feet. [potion of cure mutation]
 86496 | Zig:4    | Lost mutation: You evolve. [potion of cure mutation]
 86509 | Zig:4    | Identified the +5 chain mail of Muoh {Slay+3} (You found it on level 4 of a ziggurat)
 86527 | Zig:5    | Entered Level 5 of a ziggurat
 86576 | Zig:6    | Entered Level 6 of a ziggurat
 86601 | Zig:6    | Reached XP level 26. HP: 220/239 MP: 48/48
 86647 | Zig:7    | Entered Level 7 of a ziggurat
 86663 | Zig:7    | Reached XP level 27. HP: 243/247 MP: 49/49
 86695 | Zig:7    | Identified Acisirph's Grimoire of Enhancements
 86702 | Zig:8    | Entered Level 8 of a ziggurat
 86713 | Zig:8    | Noticed Chulalou the pandemonium lord
 86728 | Zig:8    | Killed Chulalou the pandemonium lord
 86736 | Zig:8    | Reached skill level 10 in Ice Magic
 86756 | Zig:8    | Got a translucent hunting sling
 86757 | Zig:8    | Identified the cursed -1 hunting sling of the Orange Skies {speed, rC+} (You found it on level 8 of a ziggurat)
 86764 | Zig:9    | Entered Level 9 of a ziggurat
 86825 | Zig:9    | Got a clouded bronze ring
 86833 | Zig:9    | Identified the ring "Yfa Kesi" {SustAb rN+ Str+4 Int-2 SInv} (You found it on level 9 of a ziggurat)
 86844 | Zig:9    | Got a dazzling hunting sling
 86852 | Zig:9    | Identified the +9 hunting sling of the Hand {flame, MR- Str+3 Dex+5} (You found it on level 9 of a ziggurat)
 86858 | Zig:10   | Entered Level 10 of a ziggurat
 86870 | Zig:10   | Gained mutation: Armour fits poorly on your strangely shaped body. [a neqoxec]
 86870 | Zig:10   | Gained mutation: Your magical capacity is low (-10% MP). [a neqoxec]
 87021 | Zig:10   | Lost mutation: Your magical capacity is low (-10% MP). [potion of cure mutation]
 87021 | Zig:10   | Lost mutation: Armour fits poorly on your strangely shaped body. [potion of cure mutation]
 87031 | Zig:10   | Got a fine dagger
 87044 | Zig:10   | Got a pair of faintly glowing gloves
 87053 | Zig:10   | Identified the +4 dagger of Staugial {drain, +Inv rElec rPois} (You found it on level 10 of a ziggurat)
 87060 | Zig:11   | Entered Level 11 of a ziggurat
 87133 | Zig:11   | Got an iridescent trident
 87141 | Zig:11   | Got a translucent wooden ring
 87173 | Zig:11   | Got a pitted scale mail
 87181 | Zig:11   | Identified the +10 trident "Uwky" {freeze, rF+ MP-9 Str+3 Dex+3} (You found it on level 11 of a ziggurat)
 87194 | Zig:11   | Identified the +5 scale mail "Psatastro" {MR+} (You found it on level 11 of a ziggurat)
 87210 | Zig:12   | Entered Level 12 of a ziggurat
 87245 | Zig:12   | Reached skill level 26 in Spellcasting
 87450 | Zig:12   | Identified the ring "Thyfeydyte" {rPois rC+ Str+4 Int+4} (You found it on level 11 of a ziggurat)
 87452 | Zig:13   | Entered Level 13 of a ziggurat
 87458 | Zig:13   | Noticed Chiseanne's ghost (legendary VSMo)
 87471 | Zig:13   | Killed Chiseanne's ghost
 87604 | Zig:13   | Got a pitted short sword
 87608 | Zig:13   | Got a sparkling steel ring
 87610 | Zig:13   | Identified the ring "Mnoclem" {Contam rElec rPois rF+ rC+ Str+4} (You found it on level 13 of a ziggurat)
 87638 | Zig:14   | Entered Level 14 of a ziggurat
 87727 | Zig:14   | Got a scorched mace
 87737 | Zig:14   | Identified the +12 mace "Sydohuan" {crush, +Inv rC- Str+4} (You found it on level 14 of a ziggurat)
 87815 | Zig:15   | Entered Level 15 of a ziggurat
 87902 | Zig:15   | Got an ancient granite ring
 87905 | Zig:15   | Identified the Reference Book on Good Luck
 87910 | Zig:15   | Learned a level 3 spell: Ozocubu's Armour
 87922 | Zig:15   | Got a spiked scale mail
 87934 | Zig:15   | Identified the +4 scale mail of Space {MR+} (You found it on level 15 of a ziggurat)
 88217 | Zig:15   | Got a transparent flail
 88223 | Zig:16   | Entered Level 16 of a ziggurat
 88305 | Zig:16   | Identified the ring "Uclirhoi" {Contam rC- Str+5 Int+5 Dex+3 Stlth+} (You found it on level 15 of a ziggurat)
 88316 | Zig:16   | Got a crude blowgun
 88317 | Zig:16   | Identified the cursed +1 blowgun "Heut Ope" {speed, +Blink rC+ rN+ MR-} (You found it on level 16 of a ziggurat)
 88319 | Zig:16   | Gained mutation: Armour fits poorly on your strangely shaped body. [mutagenic glow]
 88559 | Zig:17   | Entered Level 17 of a ziggurat
 88638 | Zig:17   | Got a glittering lead ring
 88666 | Zig:17   | Identified a +2 pair of boots of running (You found it on level 17 of a ziggurat)
 88676 | Zig:17   | Identified the ring of Doubts {rF+ rC++ Str-5 Dex+6} (You found it on level 17 of a ziggurat)
 88697 | Zig:18   | Entered Level 18 of a ziggurat
 88726 | Zig:18   | Reached skill level 27 in Spellcasting
 88796 | Zig:18   | Got a fine storm dragon armour
 88810 | Zig:18   | Identified the +7 storm dragon armour of Hutuph {rElec MR++} (You found it on level 18 of a ziggurat)
 88829 | Zig:18   | Identified Brupsumo's Almanac of the Entourage
 89450 | Lair:1   | Learned a level 6 spell: Statue Form
 89453 | Lair:1   | Lost mutation: Armour fits poorly on your strangely shaped body. [potion of cure mutation]
 89716 | Pan      | Entered Pandemonium
 89787 | Pan      | Gained mutation: You are dopey. (Int -2) [a neqoxec]
 90809 | Pan      | Found a huge runed gate.
 90851 | Pan      | Noticed Saucw the pandemonium lord
 90873 | Pan      | Killed Saucw the pandemonium lord
 91071 | Pan      | Found an exit through the horrors of the Abyss.
 91087 | Pan      | Noticed Xazxelas the pandemonium lord
 91106 | Pan      | Killed Xazxelas the pandemonium lord
 92208 | Pan      | Found an exit through the horrors of the Abyss.
 92221 | Pan      | Lost mutation: You are dopey. (Int -2) [potion of cure mutation]
 92573 | Pan      | Noticed Thrutuis the pandemonium lord
 93347 | Pan      | Entered the realm of Cerebov.
 93951 | Pan      | Noticed Cerebov
 94532 | Pan      | HP: 4/247 [Cerebov/great blast of fire (44)]
 94536 | Pan      | Killed from afar by Cerebov

Action                   |  1- 3 |  4- 6 |  7- 9 | 10-12 | 13-15 | 16-18 | 19-21 | 22-24 | 25-27 || total
-------------------------+-------+-------+-------+-------+-------+-------+-------+-------+-------++-------
Melee: Unarmed           |     5 |       |       |       |       |       |       |       |       ||     5
       Club              |     1 |       |       |       |       |       |       |       |       ||     1
       Hand axe          |       |     8 |       |       |       |       |       |       |       ||     8
       Rapier            |       |     7 |     9 |       |       |       |       |       |       ||    16
       Dagger            |       |       |    28 |       |       |       |       |       |       ||    28
       Flail             |       |       |    19 |   118 |     1 |       |       |       |       ||   138
       Trident           |       |       |       |       |    81 |    29 |    24 |       |       ||   134
       Staff             |       |       |       |       |    14 |     1 |    11 |     1 |       ||    27
       Spear             |       |       |       |       |       |     5 |       |       |    19 ||    24
 Cast: Magic Dart        |    98 |   203 |   302 |   400 |    97 |       |       |       |       ||  1100
       Call Imp          |    10 |    11 |    28 |     3 |       |       |       |       |       ||    52
       Repel Missiles    |     1 |     1 |     4 |     3 |     4 |       |     1 |     1 |       ||    15
       Conjure Flame     |       |     1 |    22 |    39 |       |       |       |       |       ||    62
       Mephitic Cloud    |       |     1 |    44 |    20 |       |       |       |       |       ||    65
       Blink             |       |       |    12 |     8 |     4 |     7 |       |       |       ||    31
       Sting             |       |       |   151 |   279 |       |       |       |       |       ||   430
       Dazzling Spray    |       |       |       |   320 |   213 |     6 |     4 |     1 |       ||   544
       Inner Flame       |       |       |       |     8 |       |       |       |       |       ||     8
       Venom Bolt        |       |       |       |   120 |     9 |       |       |       |       ||   129
       Bolt of Magma     |       |       |       |    43 |   165 |       |     1 |       |       ||   209
       Delayed Fireball  |       |       |       |     1 |     1 |       |       |       |       ||     2
       Iskenderun's Myst |       |       |       |       |   652 |   491 |   496 |   729 |   715 ||  3083
       Fireball          |       |       |       |       |    68 |    26 |       |     3 |       ||    97
       Bolt of Fire      |       |       |       |       |   153 |   446 |   697 |    62 |    18 ||  1376
       Apportation       |       |       |       |       |     2 |     1 |       |       |     2 ||     5
       Freezing Cloud    |       |       |       |       |       |    38 |    26 |    74 |    34 ||   172
       Flight            |       |       |       |       |       |       |     1 |       |       ||     1
       Orb of Destructio |       |       |       |       |       |       |       |   321 |    96 ||   417
       Deflect Missiles  |       |       |       |       |       |       |       |     2 |     8 ||    10
       Tornado           |       |       |       |       |       |       |       |     1 |    87 ||    88
       Shroud of Golubri |       |       |       |       |       |       |       |       |    63 ||    63
       Regeneration      |       |       |       |       |       |       |       |       |    63 ||    63
       Stoneskin         |       |       |       |       |       |       |       |       |    34 ||    34
       Ozocubu's Armour  |       |       |       |       |       |       |       |       |    27 ||    27
       Glaciate          |       |       |       |       |       |       |       |       |     6 ||     6
 Abil: Release Delayed F |       |       |       |       |     1 |       |       |       |       ||     1
Evoke: Wand              |       |       |       |    15 |     6 |     8 |     8 |     4 |    11 ||    52
       Staff of energy   |       |       |       |       |       |       |     1 |       |       ||     1
       Phantom mirror    |       |       |       |       |       |       |       |       |     2 ||     2
  Use: Scroll            |     8 |     7 |     6 |    12 |    29 |    24 |    17 |    18 |    39 ||   160
       Potion            |       |       |       |     3 |     5 |    18 |    12 |     7 |    34 ||    79
 Stab: Confused          |       |     1 |     3 |       |       |       |       |       |       ||     4
       Sleeping          |       |       |       |     1 |       |       |       |       |       ||     1
       Invisible         |       |       |       |     2 |       |       |       |       |       ||     2
  Eat: Chunk             |     3 |     6 |    12 |    24 |    50 |    60 |    15 |    39 |    11 ||   220
       Pizza             |       |     1 |       |       |     3 |     2 |     2 |       |     2 ||    10
       Beef jerky        |       |       |     1 |     1 |     1 |    17 |    10 |     3 |     5 ||    38
       Bread ration      |       |       |     1 |       |       |     1 |    12 |     2 |     4 ||    20
       Fruit             |       |       |       |    12 |    30 |     4 |     1 |     1 |    11 ||    59
       Royal jelly       |       |       |       |     5 |     5 |     2 |       |       |       ||    12
